 Dungeon Crawl Stone Soup version 0.21.1-1-g345015fe64 (webtiles) character file.

4079 Peloso the Carver (level 10, 0/129 HPs)
             Began as a Minotaur Fighter on July 1, 2018.
             Was an Elder of Okawaru.
             Succumbed to Erica's bolt of poison
             ... on level 8 of the Dungeon.
             The game lasted 00:16:01 (7567 turns).

Peloso the Carver (Minotaur Fighter)                Turns: 7567, Time: 00:16:01

Health: 0/129      AC: 20    Str: 27    XL:     10   Next: 5%
Magic:  6/9        EV: 13    Int:  5    God:    Okawaru [****..]
Gold:   209        SH: 15    Dex: 15    Spells: 9/9 levels left

rFire    . . .     SeeInvis .   a - +1 falchion (protect)
rCold    . . .     Gourm    .   c - +1 shield
rNeg     . . .     Faith    .   u - +0 chain mail
rPois    .         Spirit   .   (helmet restricted)
rElec    .         Reflect  .   (no cloak)
rCorr    .         Harm     .   (no gloves)
MR       .....                  (no boots)
Stlth    ..........             (no amulet)
HPRegen  0.31/turn              j - +3 ring of dexterity
MPRegen  0.11/turn              (no ring)

@: berserking, lethally poisoned (0 -> -14), heroism, protection aura, very
quick
A: retaliatory headbutt, horns 2
a: Heroism, Renounce Religion


You were on level 8 of the Dungeon.
You worshipped Okawaru.
Okawaru was greatly pleased with you.
You were very hungry.

You visited 2 branches of the dungeon, and saw 9 of its levels.

You collected 300 gold pieces.
You spent 91 gold pieces at shops.

Inventory:

Hand Weapons
 a - a +1 falchion of protection (weapon)
 B - a +0 war axe of flaming
Armour
 c - a +1 shield (worn)
 u - a +0 chain mail (worn)
Jewellery
 j - a +3 ring of dexterity (left hand)
Wands
 n - a wand of digging (9)
 r - a wand of iceblast (12)
 v - a wand of flame (21)
Scrolls
 g - a scroll of magic mapping
 h - 4 scrolls of remove curse
 i - 2 scrolls of fear {unknown}
 k - 3 scrolls of teleportation
 l - 2 scrolls of enchant armour
 p - a scroll of fog
 t - a scroll of identify
 x - a scroll of amnesia
 y - 3 scrolls of blinking
Potions
 d - a potion of resistance
 z - a potion of brilliance
Books
 m - a book of Cantrips

   Spells                             Type                      Level
   a - Confusing Touch                Hexes                        1
   b - Animate Skeleton               Necromancy                   1
   c - Summon Small Mammal            Summoning                    1
   d - Apportation                    Translocation                1
 w - a book of Maledictions

   Spells                             Type                      Level
   a - Corona                         Hexes                        1
   b - Ensorcelled Hibernation        Hexes/Ice                    2
   c - Confuse                        Hexes                        3
   d - Tukima's Dance                 Hexes                        3
   e - Dazzling Spray                 Conjuration/Hexes            3
Comestibles
 f - 14 rations


   Skills:
 + Level 7.4(12.4) Fighting
 + Level 10.9(15.9) Long Blades
 + Level 9.2(14.2) Armour
 + Level 2.8(7.8) Dodging
 + Level 0.9(5.9) Stealth
 + Level 8.5(13.5) Shields
 + Level 0.8 Invocations


You had 9 spell levels left.
You didn't know any spells.

Dungeon Overview and Level Annotations

Branches:
Dungeon (8/15)             Temple (1/1) D:4
   Lair: D:8-11

Altars:
Cheibriados
Dithmenos
Gozag
Makhleb
Okawaru
Qazlal
Trog
Yredelemnul
The Shining One

Shops:
D:5 %:%*


Innate Abilities, Weirdness & Mutations

You reflexively headbutt those who attack you in melee.
You have a pair of horns on your head.


Message History

* * * LOW HITPOINT WARNING * * *
You feel sick.
You slash something!
Your weapon exudes an aura of protection.
* * * LOW HITPOINT WARNING * * *
You feel sick. Something hits you.
* * * LOW HITPOINT WARNING * * *
Something burns you.
* * * LOW HITPOINT WARNING * * *
You miss something.
* * * LOW HITPOINT WARNING * * *
You feel sick.
You slice something!! Okawaru is honoured by your kill.
Reactivating autopickup.
Your base Armour skill increases to level 9!
You have reached level 10!
You feel a bit more experienced.
You are too berserk!
You die...

#### ######.(..#
#...##...##..[.#
#.........+....# .
#......).##...###### .
#........##...##...# .
+.........'.....[).# .
#..###...##.....<..#
.###..###...##..[.....#
.............#..@.....#
.............#...##...#
............##...######
...@........##...##...#
###...##....##........#
#...##....##........#
#.....+..............#
+.....#....##...##...#
#.....#....####'##...#


There were no monsters in sight!

Vanquished Creatures
  Erica (D:8)
  The ghost of aaaaaaaaaaaaaaaaaa the Grappler, a novice TrBe of Trog (D:6)
  The ghost of kajmaj the Covered, a novice MiFi (D:5)
  A wyvern (D:8)
  The ghost of Kohma the Firebug, an amateur DsFE (D:3)
  A water moccasin (D:4)
  A black bear (D:6)
  2 phantoms
  2 ice beasts
  An orc warrior (D:8)
  3 ogres
  A bullfrog (D:6)
  5 scorpions
  4 wights (D:7)
  2 crimson imps
  A bullfrog zombie (D:6)
  4 orc priests
  A jelly (D:6)
  A hound (D:7)
  3 iguanas
  Natasha (thrice) (D:2)
  2 worker ants
  Ijyb (D:4)
  3 orc wizards
  2 hound skeletons
  Robin (D:2)
  6 gnolls
  7 adders
  A shadow imp (D:6)
  An ooze (D:1)
  An adder skeleton (D:5)
  2 dart slugs (D:1)
  5 leopard geckos
  24 orcs
  2 ball pythons
  8 giant cockroaches
  16 goblins
  6 hobgoblins
  9 jackals
  A kobold (D:2)
  5 quokkas
  4 bats
  4 frilled lizards
  A jackal skeleton (D:5)
  A rat (D:1)
153 creatures vanquished.

Notes
Turn   | Place    | Note
-------+----------+-------------------------------------------
     0 | D:1      | Peloso the Minotaur Fighter began the quest for the Orb.
     0 | D:1      | Reached XP level 1. HP: 19/19 MP: 0/0
    23 | D:1      | Reached XP level 2. HP: 19/27 MP: 1/1
   357 | D:1      | Reached XP level 3. HP: 33/33 MP: 2/2
   776 | D:2      | Found a burning altar of Makhleb.
   839 | D:2      | Noticed Robin
  1064 | D:2      | Killed Robin
  1069 | D:2      | Reached skill level 3 in Long Blades
  1134 | D:2      | Noticed Natasha
  1139 | D:2      | Killed Natasha
  1139 | D:2      | Reached XP level 4. HP: 30/40 MP: 3/3
  1208 | D:2      | Found a glowing golden altar of the Shining One.
  1546 | D:2      | Noticed Natasha
  1563 | D:2      | Killed Natasha
  1677 | D:2      | Reached skill level 5 in Armour
  1718 | D:2      | Noticed Natasha
  1730 | D:2      | Killed Natasha
  1730 | D:2      | Reached XP level 5. HP: 45/47 MP: 4/4
  1849 | D:2      | Reached skill level 4 in Long Blades
  2206 | D:3      | Noticed Kohma's ghost (amateur DsFE)
  2217 | D:3      | Killed Kohma's ghost
  2217 | D:3      | Reached skill level 1 in Dodging
  2217 | D:3      | Reached XP level 6. HP: 38/53 MP: 5/5
  2722 | D:4      | Reached skill level 5 in Shields
  2992 | D:4      | Found a staircase to the Ecumenical Temple.
  3038 | D:4      | Noticed a water moccasin
  3045 | D:4      | Killed a water moccasin
  3045 | D:4      | Reached skill level 5 in Long Blades
  3280 | Temple   | Entered the Ecumenical Temple
  3301 | Temple   | Became a worshipper of Warmaster Okawaru
  3518 | D:4      | Reached XP level 7. HP: 60/60 MP: 6/6
  3729 | D:4      | Noticed Ijyb
  3765 | D:4      | Killed Ijyb
  4193 | D:5      | Entered Level 5 of the Dungeon
  4203 | D:5      | Found a bloodstained altar of Trog.
  4251 | D:5      | Reached skill level 5 in Fighting
  4251 | D:5      | Reached skill level 6 in Long Blades
  4328 | D:5      | Noticed kajmaj's ghost (novice MiFi)
  4357 | D:5      | Found Cywihiud's Food Shoppe.
  4469 | D:5      | Killed kajmaj's ghost
  4469 | D:5      | Reached * piety under Okawaru
  4469 | D:5      | Reached skill level 7 in Long Blades
  4469 | D:5      | Reached XP level 8. HP: 26/68 MP: 7/7
  4719 | D:5      | Found Vuemuit's Book Boutique.
  4744 | D:5      | Found Lykeg's General Store.
  4773 | D:5      | Bought a +0 war axe of flaming for 91 gold pieces
  4987 | D:5      | Found Dexotiq's Food Boutique.
  5169 | D:5      | Found an opulent altar of Gozag.
  5169 | D:5      | Found a snail-covered altar of Cheibriados.
  5279 | D:6      | Reached skill level 8 in Long Blades
  5378 | D:6      | Reached ** piety under Okawaru
  5410 | D:6      | Noticed aaaaaaaaaaaaaaaaaa's ghost (novice TrBe)
  5448 | D:6      | Killed aaaaaaaaaaaaaaaaaa's ghost
  5448 | D:6      | Reached skill level 9 in Long Blades
  5448 | D:6      | Reached XP level 9. HP: 43/78 MP: 6/8
  5786 | D:6      | Reached *** piety under Okawaru
  5873 | D:6      | Found a basalt altar of Yredelemnul.
  6048 | D:6      | Found a basalt altar of Yredelemnul.
  6866 | D:8      | Reached skill level 10 in Long Blades
  7249 | D:8      | Noticed Erica
  7564 | D:8      | HP: 4/118 [something (3)]
  7566 | D:8      | Killed Erica
  7566 | D:8      | Reached **** piety under Okawaru
  7566 | D:8      | Reached XP level 10. HP: 2/86 MP: 6/9
  7567 | D:8      | Succumbed to Erica's bolt of poison

Skill      XL: |  1  2  3  4  5  6  7  8  9 |
---------------+----------------------------+-----
Fighting       | 4 5 6 7 |  7.4
Shields        | 4 5 6 7 8 |  8.5
Armour         | 4 5 6 7 8 9 |  9.2
Long Blades    | 3 4 5 7 9 10 | 10.9
Dodging        | 1 2 |  2.8
Stealth        | |  0.9
Invocations    | |  0.8

Action                   |  1- 3 |  4- 6 |  7- 9 | 10-12 || total
-------------------------+-------+-------+-------+-------++-------
Melee: Long sword        |    75 |   101 |   257 |       ||   433
       Headbutt          |    10 |    29 |    93 |       ||   132
       Falchion          |       |       |   116 |       ||   116
Invok: Heroism           |       |       |     5 |       ||     5
  Use: Potion            |       |       |     5 |       ||     5
       Scroll            |       |       |    16 |       ||    16
  Eat: Chunk             |     1 |     6 |    10 |       ||    17
       Ration            |       |       |     1 |       ||     1
Armor: Scale mail        |    42 |    26 |       |       ||    68
       Chain mail        |       |    14 |   126 |       ||   140
Dodge: Dodged            |    32 |    31 |    74 |       ||   137
Block: Shield            |    59 |    49 |   171 |       ||   279
       Rpst.: Long sword |     6 |     9 |    16 |       ||    31
       Falchion          |       |       |     4 |       ||     4
